 Dungeon Crawl Stone Soup version 0.31-a0-263-ge8cad7f256 (webtiles) character file.

Game seed: 14300101950211613406

465 qw the Shooter (level 6, 0/53 HPs)
             Began as a Minotaur Hexslinger on July 13, 2023.
             Slain by Edmund
             ... wielding a +0 flail of protection
              (6 damage)
             ... on level 4 of the Dungeon.
             The game lasted 00:01:05 (2285 turns).

qw the Shooter (Minotaur Hexslinger)                Turns: 2285, Time: 00:01:06

Health: 0/53       AC:  2    Str: 13    XL:     6   Next: 80%
Magic:  6/6        EV: 12    Int: 10    God:
Gold:   214        SH:  0    Dex: 14    Spells: 6/7 levels left

rFire   . . .        f - +0 shortbow
rCold   . . .        (shield currently unavailable)
rNeg    . . .        c - +0 robe
rPois   .            (helmet restricted)
rElec   .            (no cloak)
rCorr   .            (no gloves)
SInv    .            (no boots)
Will    .....        (no amulet)
Stlth   +            (no ring)
HPRegen 0.28/turn    (no ring)
MPRegen 0.10/turn

%: no passive effects
@: about to teleport
A: horns 2, retaliatory headbutt
a: no special abilities


You were on level 4 of the Dungeon.
You visited 1 branch of the dungeon, and saw 4 of its levels.

You collected 214 gold pieces.


Innate Abilities, Weirdness & Mutations

You have a pair of horns on your head.
You reflexively headbutt those who attack you in melee.


   Skills:
 - Level 4.3 Fighting
 + Level 7.1 Ranged Weapons
 - Level 2.1 Dodging
 - Level 1.0 Spellcasting
 - Level 2.0 Hexes


You had 6 spell levels left.
You knew the following spells:

 Your Spells              Type           Power      Damage    Failure   Level
a - Slow                  Hex            16%        N/A       16%         1

Your spell library contained the following spells:

 Spells                   Type           Power      Damage    Failure   Level
 Inner Flame              Hex/Fire       2%         N/A       56%         3
 Portal Projectile        Hex/Tloc       4%         N/A       56%         3
 Cause Fear               Hex            2%         N/A       83%         4

Inventory:

Hand Weapons
 f - a +0 shortbow (weapon)
Armour
 c - a +0 robe (worn)
Scrolls
 a - 4 scrolls of teleportation
 d - a scroll of identify
Potions
 b - a potion of berserk rage {unknown}
 e - a potion of might
 g - 4 potions of curing
 i - 3 potions of haste
 k - a potion of resistance {unknown}
 m - a potion of mutation {unknown}

Dungeon Overview and Level Annotations

Branches:
Dungeon (4/15)
 Temple: D:4-7

Altars:
Xom
The Shining One

Shops:
D:2 =

Annotations:
D:4 Edmund


Message History

Enter note:
Enter note:
Enter note:
Enter note: You shoot an arrow.
The arrow hits Edmund but does no damage.
You shoot an arrow. The arrow barely misses Edmund.
You shoot an arrow. The arrow barely misses Edmund.
You shoot an arrow.
The arrow hits Edmund but does no damage.
Edmund hits you with a +0 flail of protection!
You shoot an arrow. The arrow hits Edmund!
Edmund is lightly wounded.
Edmund barely misses you. You furiously retaliate!
You headbutt Edmund! You shoot an arrow. The arrow hits Edmund.
Edmund is moderately wounded.
Edmund hits you with a +0 flail of protection!
You shoot an arrow. The arrow barely misses Edmund.
Edmund hits you with a +0 flail of protection!
You shoot an arrow.
The arrow hits Edmund but does no damage.
Edmund is moderately wounded.
Edmund hits you with a +0 flail of protection!
You shoot an arrow.
The arrow hits Edmund but does no damage.
Edmund is moderately wounded.
Edmund barely misses you. You furiously retaliate!
You headbutt Edmund! You shoot an arrow. The arrow hits Edmund.
Edmund is heavily wounded.
Edmund barely misses you.
You shoot an arrow. The arrow closely misses Edmund.
Edmund hits you with a +0 flail of protection.
You shoot an arrow. The arrow hits Edmund.
Edmund is severely wounded.
Edmund hits you with a +0 flail of protection!
2285 ||| READING 5 scrolls of teleportation.
As you read the scroll of teleportation, it crumbles to dust.
You feel strangely unstable.
Edmund hits you with a +0 flail of protection.
You die...

#....##... #....##...
##....##... #......#...
. #......#... ...
#......#[.. ....#
#########.....#...
......#......##.....#...
......@@...........#####
......#............#....
..... #......#####)#....
.... ########..........
### .............
.............
.........#### >........#
.........#


You could see Edmund.

Vanquished Creatures
  Sigmund (D:3)
  An ogre (D:4)
  A centaur (D:4)
  A howler monkey (D:4)
  A jelly (D:3)
  An adder (D:3)
  A white imp (D:3)
  A worm (D:2)
  A dart slug (D:1)
  An orc (D:4)
  5 ball pythons
  6 endoplasms
  2 giant cockroaches
  5 goblins
  2 hobgoblins (D:3)
  2 quokkas
  2 bats (D:1)
  A frilled lizard (D:1)
  A goblin zombie (D:3)
  6 hobgoblin zombies (D:3)
  5 kobolds
  A kobold skeleton (D:3)
  A kobold zombie (D:3)
  An orc skeleton (D:3)
  6 rats
56 creatures vanquished.

Notes
Turn   | Place    | Note
-------+----------+-------------------------------------------
     0 | D:1      | qw the Minotaur Hexslinger began the quest for the Orb.
     0 | D:1      | Reached XP level 1. HP: 16/16 MP: 1/1
     0 | D:1      | 0 ||| qw: Version: 0.3-a-52-g30416fa
     0 | D:1      | 0 ||| qw: Game counter: 7279
     0 | D:1      | 0 ||| qw: Melee chars always use a shield: true
     0 | D:1      | 0 ||| qw: God list: Okawaru
     0 | D:1      | 0 ||| qw: Allow faded altars: false
     0 | D:1      | 0 ||| qw: Do Orc after clearing Dungeon:15 true
     0 | D:1      | 0 ||| qw: Do second Lair branch before Depths: true
     0 | D:1      | 0 ||| qw: Lair rune preference: random
     0 | D:1      | 0 ||| qw: Goals: Normal
     0 | D:1      | 0 ||| PLANNING D:1-11
   106 | D:1      | Reached skill level 3 in Ranged Weapons
   118 | D:1      | Reached XP level 2. HP: 18/23 MP: 2/2
   418 | D:1      | 418 ||| READING 2 scrolls labelled AGAFYKKI TYRGH.
   419 | D:1      | 419 ||| READING scroll labelled IHOSIL HEUNNI.
   420 | D:1      | 420 ||| READING scroll labelled MIJAAD IBETSUG.
   421 | D:1      | 421 ||| READING scroll labelled WAFUIGU SERPH.
   424 | D:1      | 424 ||| DROPPING scroll of vulnerability.
   425 | D:1      | 425 ||| DROPPING scroll of poison.
   661 | D:2      | Found Tauliki's Jewellery Emporium.
   681 | D:2      | Reached XP level 3. HP: 29/29 MP: 3/3
   706 | D:2      | 706 ||| SHOPLISTING +6 ring of strength (468 gold, have
                  | 129).
   706 | D:2      | 706 ||| SHOPLISTING ring of ice (325 gold, have 129).
   706 | D:2      | 706 ||| SHOPLISTING ring of protection from cold (325 gold,
                  | have 129).
   706 | D:2      | 706 ||| SHOPLISTING ring of protection from fire (325 gold,
                  | have 129).
   706 | D:2      | 706 ||| SHOPLISTING ring of resist corrosion (260 gold,
                  | have 129).
   908 | D:2      | 908 ||| DROPPING ring of magical power.
   909 | D:2      | 909 ||| READING scroll labelled FAETHR OMOCO.
   910 | D:2      | 910 ||| READING scroll labelled EKALIO SUOH.
   911 | D:2      | 911 ||| READING scroll labelled JIEPLIGR PUACU.
   912 | D:2      | 912 ||| DRINKING 2 lumpy clear potions.
   962 | D:2      | 962 ||| DRINKING 2 murky dark potions.
   963 | D:2      | 963 ||| DRINKING 3 ruby potions.
   964 | D:2      | 964 ||| DRINKING 4 white potions.
   965 | D:2      | 965 ||| DRINKING 2 murky clear potions.
   966 | D:2      | 966 ||| DROPPING potion of lignification.
   967 | D:2      | 967 ||| DROPPING potion of degeneration.
  1168 | D:3      | Reached skill level 4 in Ranged Weapons
  1210 | D:3      | Noticed Sigmund
  1223 | D:3      | Killed Sigmund
  1224 | D:3      | Reached skill level 6 in Ranged Weapons
  1224 | D:3      | Reached XP level 4. HP: 17/36 MP: 4/4
  1224 | D:3      | Reached XP level 5. HP: 20/41 MP: 5/5
  1370 | D:3      | Found a shimmering altar of Xom.
  1441 | D:3      | 1441 ||| READING scroll labelled VILIKHL SIAMIT.
  1442 | D:3      | 1442 ||| READING scroll labelled VEAFRI YPSOGH.
  1570 | D:3      | Reached skill level 3 in Fighting
  1578 | D:3      | Found a glowing golden altar of the Shining One.
  1580 | D:3      | 1580 ||| FLEEEEING.
  1581 | D:3      | 1581 ||| FLEEEEING.
  1582 | D:3      | 1582 ||| FLEEEEING.
  1583 | D:3      | 1583 ||| FLEEEEING.
  1585 | D:3      | 1585 ||| FLEEEEING.
  1586 | D:3      | 1586 ||| FLEEEEING.
  1591 | D:3      | 1591 ||| FLEEEEING.
  1592 | D:3      | 1592 ||| FLEEEEING.
  1593 | D:3      | 1593 ||| FLEEEEING.
  1594 | D:3      | 1594 ||| FLEEEEING.
  1595 | D:3      | 1595 ||| FLEEEEING.
  1596 | D:3      | 1596 ||| FLEEEEING.
  1601 | D:3      | 1601 ||| FLEEEEING.
  1602 | D:3      | 1602 ||| FLEEEEING.
  1603 | D:3      | 1603 ||| FLEEEEING.
  1604 | D:3      | 1604 ||| FLEEEEING.
  1605 | D:3      | 1605 ||| FLEEEEING.
  1606 | D:3      | 1606 ||| FLEEEEING.
  1607 | D:3      | 1607 ||| FLEEEEING.
  1608 | D:3      | 1608 ||| FLEEEEING.
  1609 | D:3      | 1609 ||| FLEEEEING.
  1610 | D:3      | 1610 ||| FLEEEEING.
  1611 | D:3      | 1611 ||| FLEEEEING.
  1612 | D:3      | 1612 ||| FLEEEEING.
  1613 | D:3      | 1613 ||| FLEEEEING.
  1614 | D:3      | 1614 ||| FLEEEEING.
  1615 | D:3      | 1615 ||| STAIRDANCE
  1927 | D:3      | 1927 ||| DROPPING amulet of magic regeneration.
  1976 | D:4      | Noticed an ogre
  1982 | D:4      | Killed an ogre
  1983 | D:4      | Reached XP level 6. HP: 53/53 MP: 6/6
  2091 | D:4      | Reached skill level 7 in Ranged Weapons
  2255 | D:4      | 2255 ||| SWAPPING to +0 shortbow.
  2256 | D:4      | 2256 ||| DROPPING +2 sling.
  2272 | D:4      | Noticed Edmund
  2284 | D:4      | HP: 5/53 [Edmund/+0 flail of protection (9)]
  2285 | D:4      | 2285 ||| READING 5 scrolls of teleportation.
  2285 | D:4      | Slain by Edmund

Levels and vault maps discovered:
D:1:      eino_arrival_water_cross, layout_rooms, minmay_shallow_snake_nest
D:2:      layout_basic, serial_shops, nicolae_shop_just_a_little_nook,
          kennysheep_generic_room_11
D:3:      layout_loops_ring, dk_xom_monty_hall, nicolae_tso_besieged_by_evil,
          uniq_sigmund
D:4:      layout_gridville, minmay_temple_entry_proselytizer,
          gammafunk_ghost_abyssal_escape, serial_undead, serial_undead_d,
          serial_undead_a, serial_undead_c, serial_undead_c, uniq_ijyb,
          uniq_edmund

Skill      XL: |  1  2  3  4  5  6 |
---------------+-------------------+-----
Ranged Weapons | 3 6 7 |  7.1
Fighting       | 2 4 |  4.3
Dodging        | |  2.1
Spellcasting   | |  1.0
Hexes          | |  2.0

Action                     |  1- 3 |  4- 6 || total
---------------------------+-------+-------++-------
   Fire: Sling             |    96 |    93 ||   189
         Shortbow          |       |    12 ||    12
    Use: Scroll            |     7 |     3 ||    10
         Potion            |     5 |       ||     5
 Armour: Robe              |     3 |     2 ||     5
  Dodge: Dodged            |    16 |    13 ||    29

Table legend:
 A = Non-vault XP
 B = Vault XP
 C = Vault XP percentage of total XP
 D = Non-vault monster count
 E = Vault monster count
 F = Vault count percentage of total count
                 A         B        C        D         E       F
            +---------+---------+-------+---------+---------+-------
      Total |     362 |     303 |  45.6 |      43 |      13 |  23.2
            +---------+---------+-------+---------+---------+-------
        D:1 |      24 |       0 |   0.0 |      15 |       0 |   0.0
        D:2 |      17 |       0 |   0.0 |       8 |       0 |   0.0
        D:3 |      32 |     303 |  90.4 |      14 |      13 |  48.1
        D:4 |     289 |       0 |   0.0 |       6 |       0 |   0.0
            +---------+---------+-------+---------+---------+-------
